 Dungeon Crawl Stone Soup version 0.27.1-35-g4d5d836560 (webtiles) character file.

Game seed: 7683436874151159175

7151 croobank the Schismatic (level 10, -2/80 HPs)
             Began as a Demonspawn Abyssal Knight on Oct 28, 2022.
             Was an Elder of Lugonu.
             Slain by a polar bear (19 damage)
             ... on level 1 of the Lair of Beasts.
             The game lasted 00:39:32 (9734 turns).

croobank the Schismatic (Demonspawn Abyssal Knight) Turns: 9734, Time: 00:39:33

Health: -2/80      AC: 18    Str: 14    XL:     10   Next: 86%
Magic:  17/17      EV: 17    Int: 15    God:    Lugonu [****..]
Gold:   575        SH:  0    Dex: 13    Spells: 18/18 levels left

rFire    . . .     SeeInvis .   r - +2 flail (protect)
rCold    . . .     Faith    .   (no shield)
rNeg     . . .     Spirit   .   a - +0 steam dragon scales
rPois    +         Reflect  .   (helmet restricted)
rElec    .         Harm     .   (no cloak)
rCorr    .         Rampage  .   m - +0 pair of gloves
Will     .....                  (no boots)
Stlth    +.........             l - amulet of regeneration
HPRegen  1.23/turn              v - +4 ring of protection
MPRegen  0.15/turn              f - ring of poison resistance

@: under a protective aura
A: antennae 2, repulsion field 2, demonic guardian 1, powered by pain 1
a: Renounce Religion, Depart the Abyss, Bend Space, Banish, Corrupt


You were on level 1 of the Lair of Beasts.
You worshipped Lugonu.
Lugonu was greatly pleased with you.
You visited 2 branches of the dungeon, and saw 11 of its levels.
You visited the Abyss 1 time.
You also visited: Ossuary.

You collected 575 gold pieces.

Inventory:

Hand Weapons
 i - a +0 dagger
 r - a +2 flail of protection (weapon)
 s - a +0 war axe
 y - a +2 hand axe of venom
 G - a +1 antimagic war axe
 J - a +2 whip of freezing
 M - a +5 falchion
 N - a +4 scimitar of freezing
 Q - a +0 shortbow
 R - a +3 trident
Missiles
 e - 201 arrows
 j - 67 poisoned darts
 o - 106 bolts
 x - 2 atropa-tipped darts (quivered)
 C - 8 javelins
 D - a throwing net
 O - 5 datura-tipped darts
Armour
 a - +0 steam dragon scales (worn)
 b - a +0 leather armour
 h - a +0 ring mail
 m - a +0 pair of gloves (worn)
 t - the +1 leather armour "Etitywk" {rElec rC- rCorr}
   (You found it on level 4 of the Dungeon)

   rC:        It makes you vulnerable to cold.
   rElec:     It insulates you from electricity.
   rCorr:     It protects you from acid and corrosion.
 w - a +2 scale mail of cold resistance
 K - a +2 scale mail of fire resistance
Jewellery
 d - a ring of magical power
 f - a ring of poison resistance (right hand)
 l - an amulet of regeneration (around neck)
 v - a +4 ring of protection (left hand)
 P - a ring of wizardry
Wands
 q - a wand of mindburst (13)
 u - a wand of polymorph (7)
 F - a wand of iceblast (18)
 L - a wand of acid (9)
 S - a wand of flame (27)
Scrolls
 c - 3 scrolls of teleportation
 A - 2 scrolls of fog
 E - a scroll of fear
 H - a scroll of silence
 I - 3 scrolls of identify
Potions
 g - a potion of resistance
 k - a potion of lignification
 n - 11 potions of curing
 p - 3 potions of heal wounds
 z - a potion of invisibility
 T - a potion of magic {unknown}


   Skills:
 + Level 7.7 Fighting
 - Level 6.4(6.6) Axes
 * Level 1.9(4.5) Maces & Flails
 + Level 6.6 Armour
 + Level 6.4 Dodging
 + Level 4.9 Spellcasting
 + Level 9.5 Invocations


You had 18 spell levels left.
You didn't know any spells.
Your spell library contained the following spells:

 Spells                   Type           Power      Damage    Failure   Level
 Animate Skeleton         Necr           6%         N/A       17%         1
 Apportation              Tloc           6%         N/A       17%         1
 Corona                   Hex            3%         N/A       17%         1
 Summon Small Mammal      Summ           12%        N/A       17%         1


Dungeon Overview and Level Annotations

Branches:
Dungeon (10/15)            Temple (0/1) D:7            Lair (1/6) D:8
Ossuary (visited)
    Orc: D:9-12

Altars:
Gozag
Hepliaklqana
Ru
Trog
Vehumet
Wu Jian
Zin

Shops:
D:1 [   D:6 =

Annotations:
D:2 Sigmund


Innate Abilities, Weirdness & Mutations

You have a pair of antennae on your head.
You are surrounded by a moderate repulsion field. (EV +3)
A weak demonic guardian rushes to your aid.
You sometimes gain a little power by taking damage.


Message History

The polar bear barely misses you. The black bear misses you.
The black bear closely misses you.
The black bear claws you but does no damage.
You hit the polar bear.
The polar bear is almost dead.
The polar bear completely misses you. The polar bear claws you.
The polar bear claws you but does no damage.
The polar bear bites you. The polar bear claws you.
The polar bear closely misses you.
The black bear bites you but does no damage.
The black bear misses you. x2
You closely miss the polar bear.
The polar bear is almost dead.
The polar bear misses you. The polar bear claws you. x2
The black bear bites you but does no damage.
The black bear closely misses you. The black bear claws you.
The polar bear misses you.
The polar bear claws you but does no damage.
The polar bear closely misses you.
You closely miss the polar bear.
The polar bear is almost dead.
The polar bear bites you.
The polar bear claws you but does no damage.
The polar bear misses you. The black bear completely misses you.
The black bear barely misses you. x2; The polar bear misses you. x2
The polar bear claws you but does no damage.
You hit the polar bear.
The polar bear is almost dead.
The polar bear completely misses you.
The polar bear claws you but does no damage.
The polar bear misses you. The black bear bites you.
The black bear claws you but does no damage. x2
The polar bear bites you!
* * * LOW HITPOINT WARNING * * *
The polar bear claws you but does no damage.
The polar bear misses you.
You barely miss the polar bear.
The polar bear is almost dead.
The black bear barely misses you. x3; The polar bear bites you!!
You die...

# #...##...##......##..# #.
##..##..##.......##..# #.
#.......##......##..###.
#......###..##..##......
##......##...##..##......
..............#.......P##.
...............##......###.
...#.......###...#......#
#.
...##.....h@##..##......#
#. ..
#.....h###..##.......##.
#......###..##......###.
#.......#...#.......# #.
#..##..#.#..##......# ..
#....#............. .. .#
#.............. .
##..###h.P#... #. #>.#
#h.## #


You could see a polar bear (berserk) and a black bear.

Vanquished Creatures
  Pikel (D:7)
  A hornet (D:7)
  2 wyverns
  3 steam dragons
  An acid dragon (D:9)
  A water moccasin (Lair:1)
  Duvessa (D:7)
  6 black bears
  2 sky beasts (D:5)
  3 orc warriors
  A necrophage (D:6)
  4 ogres
  4 centaurs
  2 kobold brigands
  6 bullfrogs
  2 elf zombies (Ossuary)
  A gnoll sergeant (D:9)
  A wyvern zombie (D:6)
  A scorpion (D:4)
  4 killer bees (D:9)
  6 electric eels (D:5)
  3 wights (D:8)
  5 centaur zombies
  6 crimson imps (D:8)
  2 jellies (D:5)
  3 orc priests
  7 human zombies (Ossuary)
  A bullfrog skeleton (D:7)
  2 hounds (D:5)
  3 centaur skeletons
  Ijyb (D:4)
  An iguana (D:4)
  2 orc wizards
  A scorpion zombie (D:5)
  A killer bee zombie (D:6)
  2 howler monkey zombies (D:9)
  3 mummies (Ossuary)
  A gnoll (D:9)
  A howler monkey skeleton (D:5)
  7 adders
  2 shadow imps
  3 white imps
  An ufetubus (D:6)
  2 worms
  A dart slug (D:1)
  18 orcs
  5 ball pythons
  4 bats
  3 endoplasms
  2 giant cockroaches (D:1)
  8 goblins
  7 hobgoblins
  3 jackals (D:2)
  3 quokkas
  3 frilled lizards
  14 kobolds
  4 rats
  A spectral goblin (D:4)
189 creatures vanquished.

Vanquished Creatures (collateral kills)
  2 hydras (Lair:1)
  A manticore (D:9)
  A bullfrog (Lair:1)
  Dowan (D:7)
  A wight (D:8)
  A centaur zombie (D:9)
  2 gnolls (D:9)
9 creatures vanquished.

Vanquished Creatures (others)
  2 orc wizards (D:8)
  An orc (D:8)
  16 fungi
  24 plants
43 creatures vanquished.

Grand Total: 241 creatures vanquished

Notes
Turn   | Place    | Note
-------+----------+-------------------------------------------
     0 | Abyss:1  | croobank the Demonspawn Abyssal Knight began the quest for
                  | the Orb.
     0 | Abyss:1  | Reached XP level 1. HP: 18/18 MP: 2/2
    34 | Abyss:2  | Noticed a white draconian
    36 | D:1      | Escaped the Abyss
    83 | D:1      | Reached skill level 1 in Dodging
   253 | D:1      | Gained mutation: You sometimes gain a little power by
                  | taking damage. [demonic ancestry]
   253 | D:1      | Reached XP level 2. HP: 24/24 MP: 4/4
   522 | D:1      | Found a faded altar of an unknown god.
   717 | D:1      | Found Ynuos's Armour Shoppe.
  1651 | D:2      | Reached * piety under Lugonu
  1774 | D:2      | Reached skill level 3 in Invocations
  1774 | D:2      | Reached XP level 3. HP: 12/29 MP: 5/5
  2460 | D:2      | Noticed Sigmund
  3189 | D:3      | Reached XP level 4. HP: 28/35 MP: 6/6
  3367 | D:4      | Identified the +1 leather armour "Etitywk" {rElec rC-
                  | rCorr}
  3494 | D:4      | Noticed Ijyb
  3531 | D:4      | Killed Ijyb
  3532 | D:4      | Reached XP level 5. HP: 36/42 MP: 7/7
  3702 | D:4      | Reached skill level 4 in Invocations
  3794 | D:4      | Found a hazy altar of Hepliaklqana.
  3797 | D:4      | Reached ** piety under Lugonu
  4028 | D:5      | Entered Level 5 of the Dungeon
  4031 | D:5      | Found a radiant altar of Vehumet.
  4036 | D:5      | Noticed a sky beast
  4064 | D:5      | Killed a sky beast
  4065 | D:5      | Gained mutation: You are surrounded by a mild repulsion
                  | field. (EV +2) [demonic ancestry]
  4065 | D:5      | Reached XP level 6. HP: 37/48 MP: 9/9
  4336 | D:5      | Gained mutation: You have a pair of small antennae on your
                  | head. [demonic ancestry]
  4336 | D:5      | Reached XP level 7. HP: 55/55 MP: 10/10
  4355 | D:5      | Reached skill level 5 in Invocations
  4987 | D:5      | Noticed a steam dragon
  4998 | D:5      | Killed a steam dragon
  4999 | D:5      | Reached skill level 5 in Fighting
  5049 | D:5      | Gained mutation: You have a pair of antennae on your head.
                  | [demonic ancestry]
  5049 | D:5      | Reached XP level 8. HP: 50/62 MP: 12/12
  5062 | D:5      | Reached skill level 6 in Invocations
  5468 | D:6      | Found Fasyro Ekli's Jewellery Boutique.
  5856 | D:6      | Reached skill level 1 in Spellcasting
  6305 | D:7      | Found a staircase to the Ecumenical Temple.
  6341 | D:7      | Noticed a hornet
  6342 | D:7      | Found a sand-covered staircase.
  6357 | D:7      | Killed a hornet
  6358 | D:7      | Reached skill level 7 in Invocations
  6369 | Ossuary  | Entered an ossuary
  6451 | Ossuary  | Gained mutation: A weak demonic guardian rushes to your
                  | aid. [demonic ancestry]
  6451 | Ossuary  | Reached XP level 9. HP: 69/69 MP: 14/14
  6482 | Ossuary  | Reached skill level 5 in Armour
  6493 | Ossuary  | Reached skill level 5 in Axes
  6654 | Ossuary  | Reached *** piety under Lugonu
  6740 | D:7      | Noticed Pikel
  6769 | D:7      | Killed Pikel
  6770 | D:7      | Reached skill level 5 in Dodging
  6827 | D:7      | Noticed Dowan
  6831 | D:7      | Noticed Duvessa
  6857 | D:7      | Killed Duvessa
  6858 | D:7      | Killed Dowan
  7074 | D:7      | Found an ornate altar of the Wu Jian Council.
  7174 | D:7      | Reached skill level 8 in Invocations
  7349 | D:8      | Found a sacrificial altar of Ru.
  7448 | D:8      | Identified the +1 leather armour of Aquaruit {rC+ Dex+4
                  | Slay+2}
  7970 | D:8      | Gained mutation: You are surrounded by a moderate repulsion
                  | field. (EV +3) [demonic ancestry]
  7970 | D:8      | Reached XP level 10. HP: 73/75 MP: 16/16
  8022 | D:8      | Reached **** piety under Lugonu
  8056 | D:8      | Found a staircase to the Lair.
  8277 | D:8      | Found a bloodstained altar of Trog.
  8638 | D:9      | Found an opulent altar of Gozag.
  8709 | D:9      | Reached skill level 9 in Invocations
  9163 | D:9      | Noticed a manticore
  9176 | D:9      | Killed a manticore
  9353 | D:10     | Entered Level 10 of the Dungeon
  9355 | D:10     | Noticed a two-headed ogre
  9415 | Lair:1   | Entered Level 1 of the Lair of Beasts
  9490 | Lair:1   | Noticed a seven-headed hydra
  9509 | Lair:1   | Killed a seven-headed hydra
  9510 | Lair:1   | Reached skill level 1 in Maces & Flails
  9567 | Lair:1   | Noticed an eight-headed hydra
  9573 | Lair:1   | Killed an eight-headed hydra
  9734 | Lair:1   | Slain by a polar bear

Illustrated notes

Levels and vault maps discovered:
D:1:      lightli_arrival_farm, layout_loops_corners, serial_shops, shop,
          shapermc_ecumenical_altar_totnotflames, st_stairs_14,
          minmay_misc_feat_tower
D:2:      layout_loops_ring, nicolae_underground_beach, uniq_sigmund
D:3:      layout_basic
D:4:      layout_cave_pools, nicolae_hepliaklqana_monster_ancestors, uniq_ijyb
D:5:      cheibrodos_two_vegetables, layout_loops_corners,
          mainiacjoe_overflow_paths
D:6:      layout_loops_cross, serial_shops, shop, minmay_quadrilaterals
D:7:      layout_basic, pdpol_wu_jian_five_deadly_venoms,
          minmay_temple_entry_statues_fountains, enter_ossuary_1, uniq_duvessa,
          uniq_pikel
D:8:      layout_loops_ring, trog_antimagical,
          nicolae_ru_great_annihilating_truth, due_lair_maze_entry_diamond,
          minmay_nine_imps
D:9:      layout_loops_ring, grunt_temple_overflow_gold_and_silver,
          grunt_ministairs_11, kennysheep_generic_room_9
D:10:     minmay_the_grid_octo_tiled_octocenter [minmay_the_grid_octo_focus,
          minmay_the_grid_octo_clover, minmay_the_grid_octo_chip,
          minmay_the_grid_octo_vomiting_pacman, minmay_the_grid_octo_prize_star,
          minmay_the_grid_square_5x5_inverted_slash,
          minmay_the_grid_square_5x5_corner, minmay_the_grid_square_5x5_six,
          minmay_the_grid_square_5x5_meh], layout_rooms,
          lemuel_coloured_pillars_altar, orc_0_dummy, uniq_fannar
Lair:1:   beast_lair_carwin_large_2, layout_long_grid,
          grunt_forest_large_clearing_hut

Skill      XL: |  1  2  3  4  5  6  7  8  9 10 |
---------------+-------------------------------+-----
Dodging        | 1 2 3 4 5 6 |  6.4
Armour         | 2 3 4 5 6 |  6.6
Axes           | 2 3 4 5 6 |  6.4
Invocations    | 3 4 5 7 8 9 |  9.5
Fighting       | 4 5 6 7 |  7.7
Spellcasting   | 2 3 4 |  4.9
Maces & Flails | 1 |  1.9

Action                   |  1- 3 |  4- 6 |  7- 9 | 10-12 || total
-------------------------+-------+-------+-------+-------++-------
Melee: Hand axe          |   104 |     1 |       |       ||   105
       Flail             |       |   129 |   716 |   273 ||  1118
       Unarmed           |       |    15 |       |       ||    15
Throw: Dart              |    24 |     2 |    21 |    19 ||    66
Invok: Depart the Abyss  |     1 |       |       |       ||     1
Evoke: Wand              |       |     9 |     5 |       ||    14
  Use: Scroll            |     6 |       |     9 |     2 ||    17
       Potion            |     2 |       |     1 |     2 ||     5
 Stab: Sleeping          |       |       |     1 |       ||     1
       Distracted        |       |       |     1 |     2 ||     3
       Paralysed         |       |       |     1 |       ||     1
Armor: Leather armour    |    15 |       |     1 |       ||    16
       Ring mail         |    12 |    88 |    47 |       ||   147
       Steam dragon scal |       |       |   260 |   199 ||   459
Dodge: Dodged            |    70 |    83 |   568 |   448 ||  1169
